AoeStats
← kiwi41396

Arena

510233558Analyzed
2v2 RM · 1d ago on Sep 30, 2026· 14m 3s· 4 players
Game mode
Random Map
Map size
Medium (4 player)
Population
200
Speed
Normal
Resources
Standard
Victory
Conquest
Starting age
Dark Age
Ending age
Imperial Age
RankedLock teamsTeams togetherTeam positionsShared explorationLock speedFull tech treeHidden civsTurbo modeCheats
Victory
Defeat
713
+11
🇧🇴 Persians · Bolivia
647
+13
🇦🇷 Goths · Argentina
591
-12
🇦🇷 Cumans · Argentina
582
-12
黑森林第一巴图鲁
0:44 Loom
11:53 Feudal Age
13:19 Wheelbarrow
12:35 Double-Bit Axe
13:11 Horse Collar
yatogamiuzumaki *******
9:28 Feudal Age
10:16 Double-Bit Axe
10:16 Horse Collar
14:10 Wheelbarrow
kiwi41396
12:36 Feudal Age
Dinosaurio Wachiturro
1:15 Loom
Connection lost

Rejoining the realm…

Still unreachable

The connection could not be restored.

Session expired

The server has moved on; the page needs a fresh start.